 Dungeon Crawl Stone Soup version 0.30-a0-760-g5a9884bb7c (console) character file.

Game seed: 6853931084618636117

15558 jejorda2 the Impaler (level 12, -15/97 HPs)
             Began as a Merfolk Berserker on Feb 10, 2023.
             Was an Elder of Trog.
             Demolished by a polar bear (24 damage)
             ... on level 1 of the Lair of Beasts.
             The game lasted 00:21:00 (9987 turns).

jejorda2 the Impaler (Merfolk Berserker)            Turns: 9987, Time: 00:21:01

Health: -15/97     AC: 20    Str: 22    XL:     12   Next: 28%
Magic:  12/12      EV: 13    Int:  7    God:    Trog [****..]
Gold:   526        SH:  0    Dex: 13    Spells: 11/11 levels left

rFire   . . .      SeeInvis .    a - +2 halberd (venom)
rCold   . . .      Faith    .    (shield currently unavailable)
rNeg    . . .      Spirit   .    x - +0 swamp dragon scales
rPois   +          Reflect  .    q - +0 helmet
rElec   .          Harm     .    d - +1 cloak
rCorr   .          Rampage  .    v - +2 pair of gloves
Will    .....                    R - +0 pair of boots
Stlth   +                        (no amulet)
HPRegen 0.36/turn                j - +4 ring of protection
MPRegen 0.13/turn                y - +4 ring of slaying

@: on berserk cooldown, slowed, very slow
A: (nimble swimmer 2), mertail
a: Renounce Religion, Berserk, Trog's Hand, Brothers in Arms


You were on level 1 of the Lair of Beasts.
You worshipped Trog.
Trog was greatly pleased with you.
You visited 2 branches of the dungeon, and saw 12 of its levels.

You collected 694 gold pieces.
You spent 168 gold pieces at shops.

Inventory:

Hand Weapons
 a - a +2 halberd of venom (weapon)
 b - the +9 spear "Arbiter" {flame, Str+3}
   (You found it on level 10 of the Dungeon)

   Str:       It affects your strength (+3).
 P - a +0 trident
Missiles
 f - 4 datura-tipped darts
 g - 111 stones
 s - 15 boomerangs
 C - 9 silver boomerangs
 K - a curare-tipped dart
 M - 15 poisoned darts (quivered)
 N - 2 throwing nets
Armour
 d - a +1 cloak (worn)
 q - a +0 helmet (worn)
 v - a +2 pair of gloves (worn)
 x - +0 swamp dragon scales (worn)
 R - a +0 pair of boots (worn)
Jewellery
 j - a +4 ring of protection (left hand)
 p - the ring "Izoantun" {rC+ Str+6 Dex+4}
   (You found it on level 4 of the Dungeon)

   [ring of strength]

   Str:       It affects your strength (+6).
   Dex:       It affects your dexterity (+4).
   rC:        It protects you from cold.
 y - a +4 ring of slaying (right hand)
 F - a ring of fire
 S - a ring of protection from fire
Wands
 l - a wand of iceblast (17)
 m - a wand of flame (32)
 w - a wand of mindburst (3)
 D - a wand of digging (7)
 Q - a wand of polymorph (5)
Scrolls
 c - a scroll of immolation
 i - 4 scrolls of fog
 k - a scroll of poison
 E - 3 scrolls of teleportation
 G - 4 scrolls of identify
 H - a scroll of enchant weapon {unknown}
 I - a scroll of amnesia {unknown}
 J - 2 scrolls of blinking {unknown}
 O - a scroll of enchant armour
Potions
 e - 4 potions of haste
 h - 3 potions of curing
 n - a potion of invisibility
 o - 2 potions of heal wounds
 r - 4 potions of lignification
 t - a potion of attraction
 u - 2 potions of ambrosia
 z - 2 potions of cancellation
 A - 2 potions of might
 B - a potion of berserk rage
 L - 3 potions of flight
 T - a potion of mutation {unknown}


   Skills:
 + Level 9.7 Fighting
 + Level 18.6 Polearms
 - Level 6.0 Armour
 - Level 6.0 Dodging
 - Level 6.0 Evocations


You had 11 spell levels left.
You didn't know any spells.
Your spell library was empty.

Dungeon Overview and Level Annotations

Branches:
Dungeon (11/15)            Temple (0/1) D:5            Lair (1/5) D:10
    Orc (0/2) D:11

Altars:
Ashenzari
Cheibriados
Hepliaklqana
Makhleb
Sif Muna
Trog
Yredelemnul
The Shining One

Shops:
D:1 (   D:4 (   D:7 :


Innate Abilities, Weirdness & Mutations

((You are very nimble when in or above water. (Stealth+, EV+, Speed+++)))
Your lower body shifts to a powerful aquatic tail in water.


Message History

The black bear claws you but does no damage.
The black bear completely misses you. x2
The black bear claws you but does no damage.
The polar bear barely misses you.
The polar bear claws you but does no damage. x2
The polar bear bites you!
The polar bear claws you but does no damage.
The polar bear misses you. The black bear barely misses you.
The black bear claws you but does no damage.
The black bear closely misses you.
The polar bear goes berserk!
The black bear bites you but does no damage.
The black bear claws you but does no damage.
The black bear barely misses you.
You are too injured to fight recklessly!
You are too injured to fight recklessly!
You fail to use your ability.
The polar bear bites you but does no damage.
The polar bear closely misses you. The polar bear misses you.
The black bear bites you but does no damage.
The black bear misses you. The black bear barely misses you.
The black bear bites you. The black bear claws you.
The black bear claws you but does no damage.
The polar bear barely misses you. The polar bear misses you.
The polar bear barely misses you. The polar bear closely misses you. x2
The polar bear claws you but does no damage.
You fail to use your ability.
The polar bear bites you!
* * * LOW HITPOINT WARNING * * *
The polar bear claws you but does no damage. x2
The black bear bites you.
* * * LOW HITPOINT WARNING * * *
The black bear completely misses you. The black bear barely misses you.
The black bear bites you but does no damage.
The black bear claws you.
* * * LOW HITPOINT WARNING * * *
The black bear claws you but does no damage.
The polar bear bites you.
* * * LOW HITPOINT WARNING * * *
The polar bear claws you but does no damage.
The polar bear barely misses you. The polar bear bites you!!
You die...

...h.#.#
..P...# ##.
#....###....
#..........
##<........
#P.........
###..........
#.#..........
#h@h.#......#
#hh#####.####
.h#h# ##
..#...# #.P
#..## .. ##.
# #. ##


You could see 3 polar bears and 3 black bears.

Vanquished Creatures
  Harold (D:9)
  A centaur warrior (D:8)
  6 two-headed ogres
  2 cyclopes
  A manticore (D:11)
  Joseph (Lair:1)
  A cane toad (Lair:1)
  Maggie (D:7)
  2 komodo dragons
  2 hornets (D:8)
  4 polar bears (Lair:1)
  2 wyverns
  4 wraiths
  7 yaks
  5 steam dragons
  2 acid dragons (D:10)
  3 water moccasins
  4 orc warriors
  2 ice beasts
  5 sky beasts (D:7)
  4 black bears
  4 centaurs
  A phantom (D:4)
  4 kobold brigands
  4 bullfrogs
  A scorpion (D:6)
  A wight (D:8)
  4 killer bees
  6 electric eels (D:7)
  10 howler monkeys
  5 hounds
  4 orc priests
  4 jellies
  5 iguanas
  7 orc wizards
  Robin (D:2)
  5 adders
  12 gnolls
  2 white imps
  An ufetubus (D:7)
  4 worms
  A dart slug (D:5)
  24 orcs
  6 ball pythons
  14 endoplasms
  A giant cockroach (D:1)
  19 goblins
  9 hobgoblins
  5 jackals
  22 kobolds
  10 quokkas
  3 bats (D:2)
  5 frilled lizards
  4 rats
268 creatures vanquished.

Vanquished Creatures (collateral kills)
  A killer bee (D:9)
1 creature vanquished.

Vanquished Creatures (others)
  A killer bee (D:9)
  33 plants
34 creatures vanquished.

Grand Total: 303 creatures vanquished

Notes
Turn   | Place    | Note
-------+----------+-------------------------------------------
     0 | D:1      | jejorda2 the Merfolk Berserker began the quest for the Orb.
     0 | D:1      | Reached XP level 1. HP: 18/18 MP: 1/1
    51 | D:1      | Reached XP level 2. HP: 24/24 MP: 2/2
   199 | D:1      | Reached XP level 3. HP: 29/29 MP: 3/3
   491 | D:1      | Reached skill level 5 in Polearms
   828 | D:1      | Found Raadite's Weapon Shoppe.
  1156 | D:2      | Reached XP level 4. HP: 37/37 MP: 4/4
  1163 | D:2      | Reached ** piety under Trog
  1339 | D:2      | Reached XP level 5. HP: 42/42 MP: 5/5
  1498 | D:2      | Reached skill level 6 in Polearms
  1638 | D:2      | Noticed Robin
  1661 | D:2      | Killed Robin
  2061 | D:3      | Found a shimmering blue altar of Sif Muna.
  2153 | D:3      | Found a faded altar of an unknown god.
  2508 | D:3      | Reached XP level 6. HP: 49/49 MP: 6/6
  2508 | D:3      | Found a glowing golden altar of the Shining One.
  2516 | D:3      | Found a basalt altar of Yredelemnul.
  2518 | D:3      | Noticed a profane servitor
  2636 | D:1      | Bought a +2 halberd of venom for 168 gold pieces
  2769 | D:4      | Reached *** piety under Trog
  2929 | D:4      | Reached skill level 7 in Polearms
  2947 | D:4      | Reached skill level 5 in Dodging
  2962 | D:4      | Reached skill level 5 in Fighting
  2962 | D:4      | Reached XP level 7. HP: 53/56 MP: 7/7
  3048 | D:4      | Found Eqeti's Antique Weapon Shoppe.
  3056 | D:4      | Identified the ring "Izoantun" {rC+ Str+6 Dex+4}
  3192 | D:5      | Entered Level 5 of the Dungeon
  3225 | D:5      | Found a staircase to the Ecumenical Temple.
  3360 | D:5      | Reached skill level 8 in Polearms
  3432 | D:5      | Found a burning altar of Makhleb.
  3639 | D:5      | Found a snail-covered altar of Cheibriados.
  4036 | D:6      | Reached skill level 9 in Polearms
  4096 | D:6      | Reached XP level 8. HP: 64/64 MP: 8/8
  4300 | D:6      | Reached skill level 10 in Polearms
  4854 | D:6      | Reached **** piety under Trog
  5049 | D:7      | Reached skill level 11 in Polearms
  5144 | D:7      | Found Zuvim's Book Emporium.
  5261 | D:7      | Reached XP level 9. HP: 69/69 MP: 9/9
  5264 | D:7      | Reached skill level 12 in Polearms
  5267 | D:7      | Noticed Maggie
  5276 | D:7      | Killed Maggie
  5394 | D:7      | Reached skill level 13 in Polearms
  5616 | D:7      | Reached skill level 14 in Polearms
  6252 | D:8      | You fall into a shaft and drop 3 floors!
  6344 | D:11     | Noticed a two-headed ogre
  6350 | D:11     | Killed a two-headed ogre
  6351 | D:11     | Reached XP level 10. HP: 76/76 MP: 10/10
  6416 | D:11     | Reached skill level 15 in Polearms
  6416 | D:11     | Reached skill level 5 in Armour
  6439 | D:10     | Entered Level 10 of the Dungeon
  6468 | D:10     | Found a staircase to the Lair.
  6891 | D:9      | Found a broken altar of Ashenzari.
  6986 | D:8      | Reached skill level 16 in Polearms
  7202 | D:8      | Noticed a two-headed ogre
  7209 | D:8      | Killed a two-headed ogre
  7340 | D:8      | Reached skill level 1 in Evocations
  7340 | D:8      | Reached XP level 11. HP: 73/81 MP: 11/11
  7351 | D:8      | Noticed a two-headed ogre
  7357 | D:8      | Killed a two-headed ogre
  7358 | D:8      | Reached skill level 17 in Polearms
  7523 | D:8      | Noticed a cyclops
  7534 | D:8      | Killed a cyclops
  7615 | D:8      | Noticed a centaur warrior
  7623 | D:8      | Killed a centaur warrior
  7985 | D:9      | Found a hazy altar of Hepliaklqana.
  8015 | D:9      | Noticed a cyclops
  8024 | D:9      | Killed a cyclops
  8338 | D:9      | Noticed Harold
  8353 | D:9      | Killed Harold
  8544 | D:10     | Noticed a two-headed ogre
  8560 | D:10     | Noticed a two-headed ogre
  8561 | D:10     | Killed a two-headed ogre
  8564 | D:10     | Killed a two-headed ogre
  8565 | D:10     | Reached skill level 5 in Evocations
  8784 | D:10     | Found a bloodstained altar of Trog.
  8988 | D:10     | Identified the +9 spear "Arbiter" {flame, Str+3}
  9073 | D:10     | Reached skill level 18 in Polearms
  9545 | D:11     | Noticed a two-headed ogre
  9547 | D:11     | Found a staircase to the Orcish Mines.
  9552 | D:11     | Killed a two-headed ogre
  9553 | D:11     | Reached XP level 12. HP: 90/94 MP: 12/12
  9951 | Lair:1   | Entered Level 1 of the Lair of Beasts
  9952 | Lair:1   | Noticed Joseph
  9960 | Lair:1   | Killed Joseph
  9987 | Lair:1   | Demolished by a polar bear

Illustrated notes

Levels and vault maps discovered:
D:1:      wander_arrival_estate, layout_loops_cross, serial_shops,
          nicolae_square_shop
D:2:      layout_basic, uniq_robin
D:3:      layout_loops_ring, amcnicky_altar_gilded,
          grunt_temple_overflow_holy_war, nicolae_ecumenical_lake_church
D:4:      layout_rooms, serial_shops, shop_fountains
D:5:      layout_gridville, mainiacjoe_overflow_small_starburst,
          mainiacjoe_overflow_alcove_1, minmay_temple_entry_mini_moons,
          hangedman_decor_clover_reticule
D:6:      layout_basic, serial_bayou_pond_c, nrook_campfire
D:7:      layout_cave_pools, serial_bayou, serial_bayou_shore_a,
          serial_bayou_lagoon_b, serial_bayou_lagoon_a, serial_bayou_pond_a,
          serial_bayou_pond_d, serial_bayou_ford_a, serial_shops,
          nicolae_stop_n_shop_1, hangedman_misty_isle, uniq_maggie
D:8:      layout_rooms, chequers_serial_rivers_micro_c, nzn_random_ring
D:9:      layout_gridville, overflow_temple_1_default, evilmike_ruin_ashenzari,
          uniq_harold
D:10:     layout_loops_ring, nicolae_overflow_hidden_temple, lemuel_tele_altar,
          david_lair_shrubbed, nicolae_concentric_dashed_squares_wild,
          grunt_ministairs_15
D:11:     layout_roguey, orc_0_dummy
Lair:1:   beast_lair_carwin_large_4, layout_hall_layers, serial_bayou_shore_b,
          uniq_joseph

Skill      XL: |  1  2  3  4  5  6  7  8  9 10 11 12 |
---------------+-------------------------------------+-----
Dodging        | 3 4 5 6 |  6.0
Polearms       | 5 6 7 9 11 14 16 18 | 18.6
Fighting       | 4 5 6 8 9 |  9.7
Armour         | 3 4 6 |  6.0
Evocations     | 1 5 6 |  6.0

Action                     |  1- 3 |  4- 6 |  7- 9 | 10-12 || total
---------------------------+-------+-------+-------+-------++-------
  Melee: Spear             |   120 |    94 |       |     4 ||   218
         Trident           |       |    52 |       |       ||    52
         Punch             |       |     1 |       |       ||     1
         Halberd           |       |    52 |   231 |   311 ||   594
         Tailslap          |       |       |     7 |     2 ||     9
  Throw: Stone             |       |     6 |     4 |     4 ||    14
         Dart              |       |       |       |     6 ||     6
 Invoke: Berserk           |     2 |     3 |     4 |     6 ||    15
         Trog's Hand       |       |     1 |     1 |     2 ||     4
    Use: Scroll            |       |       |    18 |     4 ||    22
   Stab: Sleeping          |     1 |       |       |       ||     1
 Armour: Animal skin       |     4 |       |       |       ||     4
         Quicksilver drago |     8 |    30 |    44 |       ||    82
         Swamp dragon scal |       |       |    18 |   122 ||   140
  Dodge: Dodged            |    48 |    90 |   118 |   161 ||   417

Table legend: (Time is in decaauts)
 A = Elapsed time spent in this place.
 B = Non-inter-level travel time spent in this place.
 C = Inter-level travel time spent in this place.
 D = Time resting spent in this place.
 E = Time spent auto-exploring this place.
 F = Levels seen in this place.
 G = Mean time per level.
                   A        B        C        D        E       F      G
               +--------+--------+--------+--------+--------+-----+--------+
         Total |   9922 |   9253 |    669 |    750 |   6893 |  12 |  826.8 |
       Dungeon |   9900 |   9232 |    668 |    750 |   6893 |  11 |  900.0 |
          Lair |     22 |     22 |      0 |      0 |      0 |   1 |   22.0 |
               +--------+--------+--------+--------+--------+-----+--------+

Top non-repeatable levels by time:
     D:7: 1165 daAuts
     D:1: 1097 daAuts
     D:6: 1071 daAuts
     D:8: 1068 daAuts
     D:2: 986 daAuts
    D:10: 914 daAuts
     D:9: 882 daAuts
    D:11: 813 daAuts
     D:5: 783 daAuts
     D:3: 645 daAuts
     D:4: 470 daAuts
  Lair:1: 22 daAuts
